 Dungeon Crawl Stone Soup version 0.25.0-10-g039870ee82 (webtiles) character file.

Game seed: 16819741294492908320

91 Ijustatesigmund the Skirmisher (level 4, -5/29 HPs)
             Began as a Gargoyle Fighter on June 22, 2020.
             Slain by Sigmund
             ... wielding a +0 scythe
              (8 damage)
             ... on level 1 of the Dungeon.
             The game lasted 00:03:10 (1535 turns).

Ijustatesigmund the Skirmisher (Gargoyle Fighter)   Turns: 1535, Time: 00:03:11

Health: -5/29      AC:  9    Str: 19    XL:     4   Next: 59%
Magic:  4/4        EV:  8    Int:  9    God:
Gold:   115        SH:  9    Dex: 10    Spells: 3/3 levels left

rFire    . . .     SeeInvis .   a - +0 flail
rCold    . . .     Gourm    .   c - +0 kite shield
rNeg     + . .     Faith    .   b - +0 ring mail (curse)
rPois    ∞         Spirit   .   (no helmet)
rElec    +         Reflect  .   (no cloak)
rCorr    .         Harm     .   (no gloves)
MR       .....                  (no boots)
Stlth    ..........             (no amulet)
HPRegen  0.09/turn              (no ring)
MPRegen  0.09/turn              (no ring)

@: no status effects
A: negative energy resistance 1, electricity resistance, unbreathing,
petrification resistance, rot immunity, AC +3
a: no special abilities


You were on level 1 of the Dungeon.
You were not hungry.

You visited 1 branch of the dungeon, and saw 2 of its levels.

You collected 115 gold pieces.

Inventory:

Hand Weapons
 a - a +0 flail (weapon)
Armour
 b - a cursed +0 ring mail (worn)
 c - a +0 kite shield (worn)
Jewellery
 j - an uncursed ring of fire
Wands
 h - a wand of digging (10)
Potions
 e - a potion of brilliance
Comestibles
 f - 6 rations


   Skills:
 + Level 4.2 Fighting
 * Level 3.9 Maces & Flails
 - Level 3.2 Armour
 - Level 3.2 Shields


You had 3 spell levels left.
You didn't know any spells.
Your spell library was empty.

Dungeon Overview and Level Annotations

Branches:
Dungeon (2/15)

Altars:

Annotations:
D:1 Sigmund


Innate Abilities, Weirdness & Mutations

You are resistant to torment.
Your stone body is resilient. (AC +3)
You are immune to poison.
You resist negative energy. (rN+)
You are resistant to electric shocks. (rElec)
You can survive without breathing.
You are immune to petrification.
You are immune to rotting.


Message History

You hit something.
You hear some strange, mumbled words.
Something tries to affect you, but you resist.
You hit something.
You hear some strange, mumbled words.
You are confused.
Something hits you but does no damage.
You bump into the rock wall.
Your shield prevents you from hitting something.
Something hits you but does no damage.
You miss something. Something hits you but does no damage. Something hits you!
* * * LOW HITPOINT WARNING * * *
You feel less confused. Something hits you but does no damage.
You feel magically purged. Something hits you.
* * * LOW HITPOINT WARNING * * *
You aren't carrying any scrolls.
You hit something. Something hits you!
You die...

#.##########
#.######.#...###
#..........#
#....##..##..##.
#######....#
####.##..###.#..
#....#### #.....# #....
#.......####....###...#
#............#........#
#.......#######.###...#
#.......##### #.# #.#..
#.....@{)...# #.# #....
###)...>###.###.# #.##.
#...)># #.....###....
###.....# ####..##..###
#.......# ##.......#
#.......#######...#.#..
#.................#.##.
#...............###....
#............####.....#


There were no monsters in sight!

Vanquished Creatures
  Terence (D:2)
  2 adders (D:2)
  An ooze (D:2)
  3 dart slugs
  3 leopard geckos (D:1)
  4 giant cockroaches
  4 goblins (D:1)
  3 hobgoblins
  2 jackals (D:2)
  A bat (D:2)
  5 frilled lizards
  2 kobolds
  6 rats
37 creatures vanquished.

Notes
Turn   | Place    | Note
-------+----------+-------------------------------------------
     0 | D:1      | Ijustatesigmund the Gargoyle Fighter began the quest for
                  | the Orb.
     0 | D:1      | Reached XP level 1. HP: 14/14 MP: 1/1
   189 | D:1      | Reached XP level 2. HP: 19/19 MP: 2/2
   941 | D:2      | Noticed Terence
   948 | D:2      | Reached XP level 3. HP: 24/24 MP: 3/3
   951 | D:2      | Killed Terence
   954 | D:2      | Reached skill level 4 in Fighting
   955 | D:2      | Reached XP level 4. HP: 29/29 MP: 4/4
  1259 | D:2      | Noticed Sigmund
  1535 | D:1      | Slain by Sigmund

Illustrated notes

Levels and vault maps discovered:
D:1:      psy_arrival_terrarium, layout_rooms, kennysheep_decorative_pillar,
          minmay_misc_feat_four_crosses
D:2:      layout_basic, st_stairs_14, minmay_misc_feat_tiny,
          kennysheep_generic_room_11, uniq_terence, uniq_sigmund

Skill      XL: |  1  2  3 |
---------------+----------+-----
Maces & Flails | 3 |  3.9
Fighting       | 4 |  4.2
Armour         | |  3.2
Shields        | |  3.2

Action                   |  1- 3 |  4- 6 || total
-------------------------+-------+-------++-------
Melee: Flail             |    94 |    64 ||   158
  Use: Scroll            |     2 |     3 ||     5
       Potion            |     1 |     2 ||     3
  Eat: Chunk             |       |     2 ||     2
Armor: Scale mail        |    34 |       ||    34
       Ring mail         |    16 |    56 ||    72
Dodge: Dodged            |    27 |    41 ||    68
Block: Kite shield       |    56 |    50 ||   106
